 Dungeon Crawl Stone Soup version 0.30-a0-782-ge64f9170bb (webtiles) character file.

Game seed: 18019295373565605818

17570 epen the Nimble (level 12, -5/93 HPs)
             Began as a Gnoll Wanderer on Feb 22, 2023.
             Was a Follower of Cheibriados.
             Slain by a death knight
             ... wielding a +4 halberd
              (24 damage)
             ... on level 9 of the Dungeon.
             The game lasted 00:22:09 (14593 turns).

epen the Nimble (Gnoll Wanderer)                   Turns: 14593, Time: 00:22:09

Health: -5/93      AC: 13    Str: 12    XL:     12   Next: 49%
Magic:  25/25      EV: 15    Int: 13    God:    Cheibriados [*.....]
Gold:   424        SH:  0    Dex: 23    Spells: 25/29 levels left

rFire   . . .      SeeInvis +    j - +8 falchion of the Slime-mould {flame, rN++ Dex+2}
rCold   + . .      Faith    .    (no shield)
rNeg    + + .      Spirit   .    D - +1 scale mail {rPois}
rPois   +          Reflect  .    (no helmet)
rElec   .          Harm     .    H - +0 cloak
rCorr   .          Rampage  .    b - +1 pair of gloves
Will    .....                    (no boots)
Stlth   +++                      (no amulet)
HPRegen 0.35/turn                A - ring of see invisible
MPRegen 0.19/turn                n - ring of protection from cold

@: mighty, very slow
A: fangs 1, strong nose, distributed training
a: Renounce Religion, Bend Time


You were on level 9 of the Dungeon.
You worshipped Cheibriados.
Cheibriados was aware of your devotion.
You visited 2 branches of the dungeon, and saw 10 of its levels.

You collected 424 gold pieces.

Inventory:

Hand Weapons
 a - a +0 rapier of flaming
 e - a +5 dagger of freezing
 j - the +8 falchion of the Slime-mould (weapon) {flame, rN++ Dex+2}
   (You took it off a gnoll bouda on level 7 of the Dungeon)

   Dex:       It affects your dexterity (+2).
   rN:        It greatly protects you from negative energy.
Armour
 b - a +1 pair of gloves (worn)
 d - a +0 robe
 t - a +0 ring mail
 x - a +2 robe of willpower
 D - a +1 scale mail of poison resistance (worn)
 H - a +0 cloak (worn)
 K - the +4 Cigotuvi's embrace {Corpsefed rMiasma Drain rN+}
   (You took it off a deep elf pyromancer on level 8 of the Dungeon)

   Corpsefed: It gathers nearby corpses to temporarily increase the armour it
   provides.
   rMiasma:   It protects you from foul pestilence.
   rN:        It protects you from negative energy.
   Drain:     It drains your maximum health when unequipped.
Jewellery
 f - a ring of protection from fire
 i - a ring of ice
 n - a ring of protection from cold (right hand)
 s - a ring of fire
 v - the amulet "Lureho" {Faith Will- Regen+ rCorr Int+3}
   (You found it on level 5 of the Dungeon)

   [amulet of faith]

   It allows you to gain divine favour quickly.
   Int:       It affects your intelligence (+3).
   Regen:     It increases your rate of health regeneration.
   rCorr:     It protects you from acid and corrosion.
   Will:      It decreases your willpower.
 A - a ring of see invisible (left hand)
 B - a ring of protection from fire
 F - a ring of protection from fire
Wands
 k - a wand of polymorph (7)
 m - a wand of quicksilver (8)
 u - a wand of flame (16)
 J - a wand of iceblast (4)
Scrolls
 h - 2 scrolls of enchant weapon
 o - a scroll of fear
 p - 2 scrolls of amnesia
 q - 4 scrolls of enchant armour
 r - 2 scrolls of magic mapping
 E - a scroll of identify
Potions
 c - a potion of curing
 g - 3 potions of flight
 l - 4 potions of lignification
 w - a potion of attraction {unknown}
 z - a potion of magic
 C - 2 potions of degeneration
 G - a potion of haste
 I - a potion of might
 L - a potion of mutation {unknown}
Miscellaneous
 y - a phial of floods (inert)


   Skills:
 + Level 8.3 Fighting
 + Level 9.1 Short Blades
 + Level 7.8 Long Blades
 + Level 7.8 Axes
 + Level 7.8 Maces & Flails
 + Level 7.8 Polearms
 + Level 7.8 Staves
 + Level 7.8 Ranged Weapons
 + Level 7.8 Throwing
 + Level 8.3 Armour
 + Level 10.2 Dodging
 + Level 7.8 Stealth
 + Level 7.8 Shields
 + Level 7.8 Unarmed Combat
 + Level 9.3 Spellcasting
 + Level 6.5 Conjurations
 + Level 6.5 Hexes
 + Level 6.5 Summonings
 + Level 6.5 Necromancy
 + Level 6.9 Translocations
 + Level 6.5 Transmutations
 + Level 6.5 Fire Magic
 + Level 6.5 Ice Magic
 + Level 6.5 Air Magic
 + Level 6.5 Earth Magic
 + Level 6.5 Poison Magic
 + Level 8.6 Invocations
 + Level 7.8 Evocations


You had 25 spell levels left.
You knew the following spells:

 Your Spells              Type           Power      Damage    Failure   Level
a - Apportation           Tloc           48%        N/A       2%          1
b - Frozen Ramparts       Ice            46%        1d7       10%         3

Your spell library contained the following spells:

 Spells                   Type           Power      Damage    Failure   Level
 Blink                    Tloc           48%        N/A       4%          2
 Cigotuvi's Dreadful Rot  Necr/Pois/Air  46%        N/A       4%          2
 Ensorcelled Hibernation  Hex/Ice        46%        N/A       4%          2
 Lesser Beckoning         Tloc           48%        N/A       4%          2
 Momentum Strike          Conj/Tloc      46%        3d9       4%          2
 Passwall                 Tmut/Erth      19%        N/A       4%          2
 Poisonous Vapours        Pois/Air       46%        N/A       4%          2
 Dazzling Flash           Conj/Hex       46%        N/A       10%         3
 Kindle Blastsparks       Fire/Tloc/Air  46%        2d13      10%         3
 Mephitic Cloud           Conj/Pois/Air  23%        N/A       10%         3
 Swiftness                Air            23%        N/A       10%         3
 Vhi's Electric Charge    Tloc/Air       46%        N/A       10%         3
 Airstrike                Air            11%        2d(2-18)  32%         4
 Ice Form                 Ice/Tmut       23%        N/A       32%         4
 Summon Ice Beast         Ice/Summ       23%        N/A       32%         4
 Summon Lightning Spire   Summ/Air       23%        N/A       32%         4
 Agony                    Necr           23%        N/A       67%         5
 Arcjolt                  Conj/Air       11%        1d21      67%         5
 Lightning Bolt           Conj/Air       11%        1d24      67%         5
 Silence                  Hex/Air        11%        N/A       67%         5
 Maxwell's Capacitive Co  Air            11%        ∞         100%        8


Dungeon Overview and Level Annotations

Branches:
Dungeon (9/15)             Temple (1/1) D:7            Lair (0/5) D:9
    Orc: D:9-12

Altars:
Ashenzari
Cheibriados
Dithmenos
Elyvilon
Gozag
Hepliaklqana
Kikubaaqudgha
Makhleb
Nemelex Xobeh
Okawaru
Qazlal
Ru
Sif Muna
Trog
Uskayaw
Vehumet
Wu Jian
Xom
Yredelemnul
Zin
The Shining One

Shops:
D:5 [   D:6 *

Annotations:
D:4 1 runed translucent door, t4s4d4r's ghost, novice FoFi


Innate Abilities, Weirdness & Mutations

You have very sharp teeth.
Your uncanny sense of smell can sniff out nearby items.
Your experience applies equally to all skills.


Message History

The bolt of dispelling energy hits the kobold brigand!!
The kobold brigand is almost dead.
The bolt of dispelling energy hits the death knight!!
The death knight is moderately wounded.
The death knight's magical effects unravel!
The death knight reflects your damage back at you!
The kobold brigand misses you.
You closely miss the kobold brigand.
The kobold brigand is almost dead.
The kobold brigand hits you but does no damage.
You hit the kobold brigand. You burn the kobold brigand.
You kill the kobold brigand!
Cheibriados appreciates the change of pace.
The death knight completely misses you.
The centaur shoots an arrow.
The arrow hits you!
You feel very mighty all of a sudden. The death knight barely misses you.
You slash the centaur! You burn the centaur.
The centaur is severely wounded.
The centaur unwields a +0 shortbow.
The centaur hits you but does no damage.
The centaur completely misses you. The death knight completely misses you.
The centaur barely misses you. The centaur closely misses you.
You slash the centaur! You burn the centaur.
You kill the centaur!
Cheibriados appreciates the change of pace.
The death knight hits you from afar with a +4 halberd!!
You closely miss the wyvern. The wyvern bites you.
The death knight hits you from afar with a +4 halberd!
The wyvern closely misses you.
You slash the wyvern! You burn the wyvern.
The wyvern is heavily wounded.
The wyvern misses you.
The death knight hits you from afar with a +4 halberd!
* * * LOW HITPOINT WARNING * * *
You slash the wyvern! You burn the wyvern.
You kill the wyvern!
Cheibriados thoroughly appreciates the change of pace.
The death knight hits you from afar with a +4 halberd!!
You die...

#####
....#
...## #..#
#@# #l####
∆ #p...##
##'#..##
$.##..# ∆
l...#..# #
∆∆∆∆∆
#....#..#
. #. ∆∆∆
###?.##[.#
#.###.
+.####...#


You could see a death knight and a wyvern.

Vanquished Creatures
  Erica (D:8)
  A boulder beetle (D:7)
  A deep elf pyromancer (D:8)
  2 manticores
  An ugly thing (D:7)
  2 cyclopes (D:7)
  Joseph (D:9)
  Maurice (D:8)
  An unseen horror (D:7)
  Psyche (D:8)
  2 kobold demonologists (D:9)
  Grinder (D:5)
  A hornet (D:8)
  2 shadows (D:9)
  3 wyverns (D:9)
  A wraith (D:7)
  9 yaks
  Eustachio (D:4)
  6 steam dragons
  A vampire mosquito (D:7)
  Menkaure (D:5)
  5 water moccasins
  2 acid dragons
  A black bear (D:5)
  7 ogres
  3 orc warriors (D:7)
  5 ice beasts
  3 sky beasts
  6 centaurs
  9 kobold brigands
  Blork the orc (D:5)
  2 gnoll sergeants (D:7)
  7 bullfrogs
  2 necrophages
  2 scorpions (D:7)
  5 wights
  A killer bee (D:9)
  2 howler monkeys
  A jelly (D:5)
  5 orc priests
  4 hounds
  2 gnoll boudas
  2 iguanas
  7 orc wizards
  5 gnolls (D:8)
  3 adders
  A shadow imp (D:7)
  A white imp (D:7)
  An ufetubus (D:4)
  3 worms
  4 dart slugs
  31 orcs
  7 ball pythons
  7 endoplasms
  4 giant cockroaches
  7 hobgoblins
  4 jackals (D:4)
  6 quokkas
  2 bats
  3 frilled lizards
  5 goblins
  12 kobolds
  4 rats
234 creatures vanquished.

Vanquished Creatures (others)
  A sky beast (D:7)
  A bullfrog (D:8)
  An orc wizard (D:9)
  4 kobolds (D:8)
  4 plants (D:8)
11 creatures vanquished.

Grand Total: 245 creatures vanquished

Notes
Turn   | Place    | Note
-------+----------+-------------------------------------------
     0 | D:1      | epen the Gnoll Wanderer began the quest for the Orb.
     0 | D:1      | epen set off with the following items: a +0 rapier, a +0
                  | pair of gloves, a potion of curing, a +0 robe; and the
                  | following spell memorised: Apportation; and the following
                  | spells available to memorise: Kindle Blastsparks.
     0 | D:1      | Reached XP level 1. HP: 17/17 MP: 6/6
   107 | D:1      | Reached XP level 2. HP: 23/23 MP: 7/7
   145 | D:1      | You fall into a shaft and drop 1 floor!
   711 | D:1      | Reached skill level 5 in Spellcasting
   711 | D:1      | Reached XP level 3. HP: 28/28 MP: 7/9
   925 | D:1      | Reached skill level 1 in Invocations
  1884 | D:4      | Noticed an ogre
  1894 | D:4      | Killed an ogre
  1895 | D:4      | Reached skill level 1 in Long Blades
  1895 | D:4      | Reached skill level 1 in Axes
  1895 | D:4      | Reached skill level 1 in Maces & Flails
  1895 | D:4      | Reached skill level 1 in Polearms
  1895 | D:4      | Reached skill level 1 in Staves
  1895 | D:4      | Reached skill level 1 in Ranged Weapons
  1895 | D:4      | Reached skill level 1 in Throwing
  1895 | D:4      | Reached skill level 1 in Stealth
  1895 | D:4      | Reached skill level 1 in Shields
  1895 | D:4      | Reached skill level 1 in Unarmed Combat
  1895 | D:4      | Reached skill level 1 in Conjurations
  1895 | D:4      | Reached skill level 1 in Hexes
  1895 | D:4      | Reached skill level 1 in Summonings
  1895 | D:4      | Reached skill level 1 in Necromancy
  1895 | D:4      | Reached skill level 1 in Transmutations
  1895 | D:4      | Reached skill level 1 in Fire Magic
  1895 | D:4      | Reached skill level 1 in Ice Magic
  1895 | D:4      | Reached skill level 1 in Air Magic
  1895 | D:4      | Reached skill level 1 in Earth Magic
  1895 | D:4      | Reached skill level 1 in Poison Magic
  1895 | D:4      | Reached skill level 1 in Evocations
  1895 | D:4      | Reached XP level 4. HP: 8/34 MP: 11/11
  1895 | D:4      | Reached XP level 5. HP: 9/40 MP: 12/12
  2109 | D:4      | Found a runed translucent door.
  2110 | D:4      | Noticed t4s4d4r's ghost (novice FoFi)
  2488 | D:4      | Noticed an ogre
  2493 | D:4      | Killed an ogre
  2494 | D:4      | Reached XP level 6. HP: 18/47 MP: 14/14
  3038 | D:3      | Reached skill level 5 in Short Blades
  3187 | D:3      | Found a faded altar of an unknown god.
  3498 | D:3      | Found a glowing golden altar of the Shining One.
  3636 | D:3      | Found a broken altar of Ashenzari.
  4003 | D:4      | Noticed Eustachio
  4019 | D:4      | Killed Eustachio
  4020 | D:4      | Reached skill level 7 in Dodging
  4020 | D:4      | Reached XP level 7. HP: 46/52 MP: 15/15
  4135 | D:5      | Entered Level 5 of the Dungeon
  4135 | D:5      | Noticed a yak
  4135 | D:5      | Noticed a yak
  4173 | D:5      | Noticed a yak
  4173 | D:5      | Noticed a yak
  4198 | D:4      | Killed a yak
  4777 | D:4      | Killed a yak
  4804 | D:4      | Killed a yak
  4805 | D:4      | Reached XP level 8. HP: 39/60 MP: 16/16
  4889 | D:4      | Killed a yak
  5002 | D:5      | Found Goath's Armour Shop.
  5240 | D:5      | Identified the amulet "Lureho" {Faith Will- Regen+ rCorr
                  | Int+3}
  5962 | D:5      | Reached XP level 9. HP: 53/67 MP: 18/18
  6050 | D:5      | Noticed Blork the orc
  6073 | D:5      | Killed Blork the orc
  6324 | D:5      | Noticed Grinder
  6337 | D:5      | Killed Grinder
  6338 | D:5      | Reached skill level 5 in Fighting
  6338 | D:5      | Reached skill level 5 in Armour
  6554 | D:5      | Noticed Menkaure
  6566 | D:5      | Killed Menkaure
  6807 | D:6      | Found Iteuco's Lightly-Used Armoury.
  6950 | D:6      | Reached skill level 8 in Dodging
  7109 | D:6      | Reached skill level 5 in Invocations
  7794 | D:7      | Found a staircase to the Ecumenical Temple.
  8309 | D:7      | Reached skill level 5 in Long Blades
  8309 | D:7      | Reached skill level 5 in Axes
  8309 | D:7      | Reached skill level 5 in Maces & Flails
  8309 | D:7      | Reached skill level 5 in Polearms
  8309 | D:7      | Reached skill level 5 in Staves
  8309 | D:7      | Reached skill level 5 in Ranged Weapons
  8309 | D:7      | Reached skill level 5 in Throwing
  8309 | D:7      | Reached skill level 5 in Stealth
  8309 | D:7      | Reached skill level 5 in Shields
  8309 | D:7      | Reached skill level 5 in Unarmed Combat
  8309 | D:7      | Reached skill level 5 in Evocations
  8309 | D:7      | Reached XP level 10. HP: 71/76 MP: 20/20
  8311 | D:7      | Reached skill level 9 in Dodging
  8311 | D:7      | Reached skill level 5 in Conjurations
  8311 | D:7      | Reached skill level 5 in Hexes
  8311 | D:7      | Reached skill level 5 in Summonings
  8311 | D:7      | Reached skill level 5 in Necromancy
  8311 | D:7      | Reached skill level 5 in Translocations
  8311 | D:7      | Reached skill level 5 in Transmutations
  8311 | D:7      | Reached skill level 5 in Fire Magic
  8311 | D:7      | Reached skill level 5 in Ice Magic
  8311 | D:7      | Reached skill level 5 in Air Magic
  8311 | D:7      | Reached skill level 5 in Earth Magic
  8311 | D:7      | Reached skill level 5 in Poison Magic
  8311 | D:7      | Reached XP level 11. HP: 79/84 MP: 20/23
  8672 | D:7      | Found a glowing golden altar of the Shining One.
  8710 | D:7      | Noticed a cyclops
  8718 | D:7      | Killed a cyclops
  8719 | D:7      | Noticed a cyclops
  8724 | D:7      | Killed a cyclops
  8817 | D:7      | Noticed a boulder beetle
  8819 | D:7      | Noticed a purple ugly thing
  8825 | D:7      | Killed a boulder beetle
  8826 | D:7      | Noticed a manticore
  8829 | D:7      | Killed a purple ugly thing
  8832 | D:7      | Killed a manticore
  9406 | D:7      | Identified the +8 falchion of the Slime-mould {flame, rN++
                  | Dex+2}
  9558 | D:7      | Found a shimmering altar of Xom.
  9573 | D:7      | Found an ornate altar of the Wu Jian Council.
 10737 | D:7      | Found a burning altar of Makhleb.
 11040 | D:7      | Found a shimmering blue altar of Sif Muna.
 11042 | D:7      | Found a stormy altar of Qazlal.
 11042 | D:7      | Found an ancient bone altar of Kikubaaqudgha.
 11256 | D:7      | Found a bloodstained altar of Trog.
 11352 | D:8      | Noticed a manticore
 11368 | D:8      | Killed a manticore
 12044 | D:8      | Noticed Maurice
 12068 | D:8      | Killed Maurice
 12132 | D:8      | Noticed Psyche
 12144 | D:8      | Killed Psyche
 12273 | D:8      | Found an opulent altar of Gozag.
 12298 | D:8      | Noticed a deep elf pyromancer
 12302 | D:8      | Reached XP level 12. HP: 92/92 MP: 25/25
 12616 | D:8      | Noticed Erica
 12625 | D:8      | Killed Erica
 12626 | D:8      | Reached skill level 10 in Dodging
 13011 | D:8      | Learned a level 3 spell: Frozen Ramparts
 13457 | D:8      | epen: ??Corpsefed
 13457 | D:8      | beem: I don't have a page labeled Corpsefed in my learndb.
 13614 | Temple   | Entered the Ecumenical Temple
 13730 | Temple   | Became a worshipper of Cheibriados the Contemplative
 13797 | D:9      | Found a staircase to the Lair.
 13821 | D:9      | Found a sacrificial altar of Ru.
 14313 | D:9      | Reached * piety under Cheibriados
 14355 | D:9      | Noticed Joseph
 14363 | D:9      | Killed Joseph
 14580 | D:9      | Noticed a death knight
 14593 | D:9      | Slain by a death knight

Illustrated notes

Levels and vault maps discovered:
D:1:      matt_arrival_grand_opening, layout_basic
D:2:      layout_loops_corners, grunt_ministairs_3
D:3:      layout_rooms, evilmike_ruin_ashenzari, nicolae_tso_carved_into_rock,
          basic_ecumenical_altar
D:4:      kennysheep_spiral_hall, layout_basic, hellmonk_ghost_happy_afterlife,
          serial_co_window_serial, co_window_paths_a, co_window_paths_a,
          co_window_of_opportunity_a, co_window_corner_a, co_window_paths_a,
          co_window_of_opportunity_a, co_window_2corner,
          co_window_unsneaky_path_a, co_window_unsneaky_path_b,
          co_window_cross_2, co_window_corner_b, co_window_2corner,
          co_window_paths_c, uniq_eustachio
D:5:      layout_layer_cave, serial_shops, kennysheep_mini, uniq_menkaure,
          uniq_blork_the_orc, uniq_grinder
D:6:      layout_loops_ring, minmay_shop_damaged, bh_walls_and_bars
D:7:      minmay_the_grid_octo_tiled_octocenter [minmay_the_grid_octo_odd_swirl,
          minmay_the_grid_octo_horde, minmay_the_grid_octo_shrine,
          minmay_the_grid_octo_thin_diamonds,
          minmay_the_grid_octo_prize_single_spiral,
          minmay_the_grid_square_5x5_lines, minmay_the_grid_square_5x5_mess,
          minmay_the_grid_square_5x5_minivault,
          minmay_the_grid_square_5x5_three_small], layout_cave_pods,
          lightli_temple_of_fire, grunt_temple_overflow_diamond,
          minmay_temple_entry_from_below_b
D:8:      nzn_winding_woodlands_cross [nzn_winding_woodlands_5x15_concentric,
          nzn_winding_woodlands_5x15_river_crossing,
          nzn_winding_woodlands_5x15_twine, nzn_winding_woodlands_5x15_eye,
          nzn_winding_woodlands_15x15_eel_pit], layout_basic,
          mainiacjoe_overflow_cross_hatched, uniq_maurice, uniq_psyche,
          uniq_erica
D:9:      nicolae_cairo_tiling_large_dashed, layout_loops_ring,
          nicolae_ru_sacrificial_ziggurat, minmay_joined_circles, uniq_joseph
Temple:   hellmonk_temple_forest_ring

Skill      XL: |  1  2  3  4  5  6  7  8  9 10 11 12 |
---------------+-------------------------------------+-----
Translocations | 2 3 4 5 6 |  6.9
Spellcasting   | 5 6 7 8 9 |  9.3
Invocations    | 1 2 3 4 5 7 8 |  8.6
Long Blades    | 1 2 3 4 5 6 7 |  7.8
Axes           | 1 2 3 4 5 6 7 |  7.8
Maces & Flails | 1 2 3 4 5 6 7 |  7.8
Polearms       | 1 2 3 4 5 6 7 |  7.8
Staves         | 1 2 3 4 5 6 7 |  7.8
Ranged Weapons | 1 2 3 4 5 6 7 |  7.8
Throwing       | 1 2 3 4 5 6 7 |  7.8
Stealth        | 1 2 3 4 5 6 7 |  7.8
Shields        | 1 2 3 4 5 6 7 |  7.8
Unarmed Combat | 1 2 3 4 5 6 7 |  7.8
Conjurations   | 1 2 3 4 5 6 |  6.5
Hexes          | 1 2 3 4 5 6 |  6.5
Summonings     | 1 2 3 4 5 6 |  6.5
Necromancy     | 1 2 3 4 5 6 |  6.5
Transmutations | 1 2 3 4 5 6 |  6.5
Fire Magic     | 1 2 3 4 5 6 |  6.5
Ice Magic      | 1 2 3 4 5 6 |  6.5
Air Magic      | 1 2 3 4 5 6 |  6.5
Earth Magic    | 1 2 3 4 5 6 |  6.5
Poison Magic   | 1 2 3 4 5 6 |  6.5
Evocations     | 1 2 3 4 5 6 7 |  7.8
Fighting       | 3 4 5 7 8 |  8.3
Armour         | 3 4 5 7 8 |  8.3
Short Blades   | 5 6 8 9 |  9.1
Dodging        | 7 8 9 10 | 10.2

Action                     |  1- 3 |  4- 6 |  7- 9 | 10-12 || total
---------------------------+-------+-------+-------+-------++-------
  Melee: Rapier            |   136 |   108 |       |       ||   244
         Punch             |     3 |     2 |    15 |    41 ||    61
         Bite              |    18 |    12 |    58 |    98 ||   186
         Dagger            |       |    23 |   382 |   343 ||   748
         Falchion          |       |       |       |   276 ||   276
  Evoke: Wand              |       |       |    17 |    14 ||    31
         Phial of floods   |       |       |       |     1 ||     1
    Use: Scroll            |     8 |     4 |     7 |     6 ||    25
         Potion            |     1 |     1 |     2 |     7 ||    11
   Stab: Sleeping          |     4 |     5 |     2 |     3 ||    14
         Paralysed         |       |       |       |     4 ||     4
 Armour: Robe              |    20 |    17 |       |       ||    37
         Ring mail         |       |       |    80 |    14 ||    94
         Scale mail        |       |       |       |   173 ||   173
  Dodge: Dodged            |   106 |    78 |   156 |   361 ||   701

Table legend: (Time is in decaauts)
 A = Elapsed time spent in this place.
 B = Non-inter-level travel time spent in this place.
 C = Inter-level travel time spent in this place.
 D = Time resting spent in this place.
 E = Time spent auto-exploring this place.
 F = Levels seen in this place.
 G = Mean time per level.
                   A        B        C        D        E       F      G
               +--------+--------+--------+--------+--------+-----+--------+
         Total |  14483 |  13718 |    765 |   3840 |   7239 |  10 | 1448.3 |
       Dungeon |  14352 |  13601 |    751 |   3840 |   7140 |   9 | 1594.7 |
        Temple |    130 |    117 |     13 |      0 |     99 |   1 |  130.0 |
               +--------+--------+--------+--------+--------+-----+--------+

Top non-repeatable levels by time:
     D:7: 3594 daAuts
     D:4: 2296 daAuts
     D:8: 2058 daAuts
     D:5: 1777 daAuts
     D:6: 1113 daAuts
     D:2: 1030 daAuts
     D:9: 915 daAuts
     D:1: 811 daAuts
     D:3: 754 daAuts
  Temple: 130 daAuts
